Map: [ESL] Data-C

Players

Rattata (Vanya)

  • Race: Zerg Zerg
  • League: Master
  • Spawn Location: 3:00

LiquidElazer (Elazer) - Winner!

  • Race: Zerg Zerg
  • Spawn Location: 9:00

Event: TSL 9

VOD

Have the link to the VOD?

Description

Time

  • Played on: July 31, 2022, 5:31 a.m.
  • Length: 10:22

All games in this series

Show
View Real Time Build Order
Export as new Build Order

Rattata Zerg 

Build Orders: Hatch First 

Get SALT Encoding   

  12  0:00  Drone  
  13  0:13  Overlord  
  13  0:16  Drone  
  14  0:31  Drone x2  
  16  0:47  Hatchery  
  15  0:51  Drone  
  15  0:55  Drone  
  17  0:58  Drone  
  18  1:09  Extractor  
  17  1:13  Spawning Pool  
  17  1:16  Drone  
  17  1:20  Drone  
  18  1:28  Drone  
  19  1:39  Drone  
  20  1:50  Drone  
  21  2:00  Queen x2  
  21  2:01  Zergling x2, Overlord  
  26  2:10  Drone  
  26  2:11  Drone  
  26  2:12  Metabolic Boost  
  28  2:21  Drone  
  29  2:23  Zergling x2  
  30  2:33  Hatchery  
  30  2:36  Zergling x2  
  30  2:38  Drone  
  30  2:42  Drone  
  32  2:47  Baneling Nest  
  32  2:51  Overlord  
  31  2:54  Drone  
  31  2:56  Drone  
  32  3:06  Queen, Drone  
  32  3:11  Drone  
  32  3:12  Zergling x4  
  38  3:15  Zergling x2  
  38  3:19  Overlord  
  39  3:22  Drone  
  39  3:24  Drone  
  41  3:28  Evolution Chamber  
  41  3:29  Drone  
  41  3:32  Baneling x2  
  41  3:33  Drone  
  42  3:35  Drone  
  42  3:38  Drone  
  44  3:43  Drone  
  44  3:47  Drone x3  
  49  3:48  Drone  
  49  3:50  Drone  
  49  3:54  Zerg Missile Weapons Level 1  
  50  3:58  Overlord  
  50  4:01  Drone x2  
  52  4:03  Drone  
  52  4:05  Drone  
  53  4:10  Drone  
  53  4:11  Drone  
  53  4:12  Baneling  
  53  4:14  Drone x2  
  57  4:18  Roach Warren  
  57  4:21  Extractor x2  
  57  4:22  Drone x2  
  56  4:26  Drone x2  
  56  4:29  Overlord  
  58  4:33  Lair  
  58  4:36  Overlord  
  58  4:41  Drone  
  58  4:43  Drone, Overlord  
  59  4:58  Roach x3  
  59  4:59  Roach x3  
  71  5:00  Zergling x10  
  71  5:02  Baneling  
  71  5:06  Baneling  
  76  5:08  Overlord  
  76  5:10  Overlord  
  76  5:16  Overlord  
  76  5:18  Overlord  
  76  5:20  Roach x3  
  79  5:25  Drone  
  80  5:29  Drone x4, Extractor  
  80  5:30  Extractor  
  80  5:31  Drone x2  
  80  5:32  Glial Reconstitution  
  80  5:35  Roach x2  
  88  5:42  Roach x3  
  94  5:43  Overlord  
  94  5:52  Roach x2  
  101  5:57  Roach x2, Spine Crawler  
  101  6:01  Spine Crawler  
  101  6:02  Roach x3  
  105  6:07  Roach x2  
  105  6:10  Roach x2  
  112  6:14  Roach  
  112  6:22  Roach x4  
  114  6:26  Roach x2  
  114  6:29  Roach  
  114  6:30  Roach  
  100  6:35  Roach x2  
  100  6:39  Roach x2  
  92  6:44  Roach x2  
  84  6:48  Roach  
  84  6:53  Roach  
  81  6:59  Zergling x12  
  79  7:05  Roach x2  
  79  7:08  Roach  
  78  7:13  Roach  
  78  7:14  Queen  
  74  7:15  Roach  
  74  7:19  Ravager  
  74  7:20  Roach  
  70  7:24  Roach  
  67  7:34  Roach x3  
  69  7:42  Roach x2  
  69  7:58  Roach x3  
  75  8:00  Hatchery  
  74  8:10  Roach x2  
  78  8:13  Roach  
  78  8:17  Drone x3, Extractor  
  82  8:20  Roach  
  82  8:24  Roach  
  86  8:31  Drone  
  87  8:34  Roach  
  87  8:39  Spine Crawler  
  88  8:42  Roach  
  88  8:44  Overlord  
  88  8:45  Roach x4  
  88  8:46  Roach  
  100  8:55  Roach  
  102  9:01  Roach  
  105  9:05  Roach  
  107  9:10  Roach  
  107  9:13  Roach x3  
  115  9:17  Ravager  
  115  9:18  Ravager  
  115  9:20  Roach x2  
  115  9:22  Overlord  
  121  9:25  Roach x2  
  121  9:30  Ravager  
  126  9:33  Overlord  
  126  9:34  Roach x2  
  130  9:40  Overlord  
  130  9:41  Roach  
  130  9:43  Roach  
  134  9:49  Roach  
  134  9:52  Ravager x2  
  138  9:54  Roach x2  
Show
View Real Time Build Order
Export as new Build Order

LiquidElazer Zerg - Winner!

Build Orders: Hatch First 

Get SALT Encoding   

  12  0:00  Drone  
  13  0:12  Overlord  
  13  0:17  Drone  
  14  0:30  Drone x2  
  16  0:47  Hatchery  
  15  0:51  Drone  
  15  0:54  Drone  
  17  0:57  Drone  
  18  1:08  Extractor  
  17  1:13  Spawning Pool  
  17  1:16  Drone  
  17  1:19  Drone  
  18  1:27  Drone  
  19  1:38  Drone  
  20  1:50  Drone  
  21  1:59  Queen x2  
  21  2:00  Zergling x2, Overlord  
  26  2:09  Metabolic Boost  
  26  2:10  Drone  
  26  2:11  Drone  
  28  2:22  Zergling x2  
  29  2:23  Drone  
  30  2:31  Drone  
  30  2:35  Hatchery  
  30  2:39  Drone  
  30  2:44  Drone x2  
  33  2:50  Baneling Nest  
  32  2:57  Overlord  
  31  3:05  Drone x2  
  31  3:06  Drone  
  31  3:07  Drone  
  31  3:08  Overlord  
  35  3:16  Zergling x8  
  39  3:22  Queen  
  41  3:29  Overlord  
  41  3:30  Drone x2  
  43  3:35  Drone  
  43  3:39  Drone x2  
  46  3:41  Evolution Chamber  
  46  3:42  Drone x2  
  46  3:44  Drone  
  46  3:46  Drone  
  49  3:49  Drone  
  49  3:51  Drone  
  49  3:53  Drone  
  52  4:00  Extractor  
  52  4:02  Overlord  
  51  4:06  Zerg Ground Armor Level 1  
  51  4:08  Roach Warren  
  50  4:11  Drone x3  
  50  4:12  Extractor  
  50  4:14  Drone x2  
  50  4:16  Drone  
  55  4:18  Baneling x2  
  55  4:21  Zergling x2  
  55  4:22  Zergling x4  
  58  4:28  Zergling x4  
  58  4:30  Overlord x2  
  60  4:42  Overlord  
  60  4:43  Overlord  
  60  4:49  Roach x5  
  70  4:56  Roach x4  
  78  5:02  Roach  
  78  5:05  Overlord  
  80  5:11  Roach x3  
  76  5:24  Roach x4  
  76  5:25  Overlord  
  76  5:27  Roach  
  86  5:29  Roach  
  86  5:32  Roach  
  86  5:35  Roach  
  92  5:38  Roach  
  92  5:41  Roach  
  96  5:43  Zergling x12  
  96  5:49  Zergling x2  
  103  5:53  Zergling x12  
  103  5:56  Zergling x4  
  111  5:59  Zergling x4  
  113  6:08  Zergling x8  
  117  6:15  Zergling x2  
  117  6:24  Zergling x10  
  103  6:33  Zergling x16  
  103  6:37  Zergling x2  
  100  6:42  Lair, Zerg Missile Weapons Level 1  
  100  6:45  Zergling x4  
  100  6:47  Ravager x2  
  100  6:51  Zergling x8  
  99  6:56  Zergling x2  
  93  7:03  Roach  
  93  7:04  Roach  
  92  7:12  Roach x8  
  100  7:16  Roach  
  100  7:21  Roach x3  
  101  7:26  Roach x2  
  102  7:33  Roach x2  
  103  7:40  Roach x6  
  103  7:43  Overlord  
  105  7:52  Glial Reconstitution  
  105  7:54  Zergling x8  
  109  8:00  Zergling x2  
  109  8:01  Zergling x4  
  112  8:07  Drone x6  
  112  8:08  Drone, Extractor  
  112  8:09  Drone  
  112  8:11  Overseer  
  119  8:16  Overlord  
  119  8:25  Roach x3  
  125  8:29  Overlord  
  125  8:31  Roach x2  
  129  8:34  Roach x2  
  129  8:37  Roach  
  135  8:42  Roach  
  135  8:44  Overlord x2  
  135  8:45  Drone  
  135  8:47  Overlord  
  138  8:59  Overlord x2  
  138  9:04  Roach x5  
  148  9:10  Ravager x2  
  148  9:12  Roach x3  
  156  9:19  Roach x2  
  156  9:22  Roach  
  162  9:28  Roach  
  162  9:29  Roach x3  
  170  9:31  Overlord  
  170  9:33  Roach  
  170  9:35  Roach  
  173  9:40  Roach x2  
  177  9:48  Overlord  
  177  9:52  Extractor  
  176  9:53  Roach x5  
Tags
 
Event
TSL 9
League
Master
Matchup
ZvZ
Race
Zerg
Spawn Locations
Cross Positions
Add a new tag
Caveats
  • Supply blocks, unpowered buildings, or Contaminate may cause inaccurate times.
  • Supply counts are checked every 10 seconds.